 Dungeon Crawl Stone Soup version 0.15.2 (webtiles) character file.

108 Heini the Covered (level 4, -1/41 HPs)
             Began as a Minotaur Fighter on Feb 7, 2015.
             Slain by a gnoll
             ... wielding a +0 flail
              (4 damage)
             ... on Level 3 of the Dungeon.
             The game lasted 00:02:50 (1397 turns).

Heini the Covered (Minotaur Fighter)                Turns: 1397, Time: 00:02:50

HP  -1/41        AC  7     Str 22      XL: 4   Next: 58%
MP   2/2         EV  7     Int  5      God:
Gold 150         SH  0     Dex  9      Spells:  0 memorised,  3 levels left

rFire  . . .     SeeInvis .     a - +0 flail
rCold  . . .     Clarity  .     b - +0 scale mail
rNeg   . . .     rCorr    .     c - +0 shield
rPois  .         rRot     .     (helmet restricted)
rElec  .         Spirit   .     (no cloak)
SustAb .         Warding  .     (no gloves)
rMut   .         Stasis   +     (no boots)
Gourm  .                        s - amulet of stasis
MR     .....                    (no ring)
                                (no ring)

@: confused, not resistant to hostile enchantments, extremely unstealthy
A: retaliatory headbutt, horns 2
a: no special abilities


You were on level 3 of the Dungeon.
You were not hungry.

You visited 1 branch of the dungeon, and saw 3 of its levels.

You collected 150 gold pieces.

Inventory:

Hand weapons
 a - a +0 flail (weapon)
Armour
 b - a +0 scale mail (worn)
 c - a +0 shield (worn)
Comestibles
 d - 2 bread rations
 k - 2 beef jerkies
 o - a meat ration
 r - a royal jelly
 u - a rotting chunk of hobgoblin flesh
 v - a chunk of adder flesh
 w - a slice of pizza
Scrolls
 f - 2 scrolls of identify
 i - a scroll of fog {unknown}
 j - a scroll of immolation {unknown}
 l - a scroll of amnesia {unknown}
 m - 2 scrolls of fear {unknown}
 n - 2 scrolls of remove curse {unknown}
 p - a scroll of teleportation {unknown}
 q - 2 scrolls of enchant armour {unknown}
 t - a scroll of recharging {unknown}
 x - a scroll of magic mapping {unknown}
Jewellery
 s - an amulet of stasis (around neck)
Potions
 e - 3 potions of might
 g - 3 potions of curing
 h - a potion of resistance


   Skills:
 * Level 4.7 Fighting
 * Level 3.4 Maces & Flails
 * Level 5.1 Armour
 - Level 3.6 Shields


You had 3 spell levels left.
You didn't know any spells.

Dungeon Overview and Level Annotations

Branches:
Dungeon (3/15)

Altars:


Innate Abilities, Weirdness & Mutations

You reflexively headbutt those who attack you in melee.
You have a pair of horns on your head.


Message History

The gnoll hits you.
The giant cockroach bites you but does no damage.
The gnoll hits you.
The giant cockroach bites you but does no damage.
You barely miss the gnoll.
The giant cockroach bites you but does no damage.
The gnoll hits you from afar with a spear.
The gnoll hits you but does no damage. The gnoll hits you.
The giant cockroach bites you but does no damage.
The gnoll hits you with a flail.
The gnoll hits you from afar with a spear.
The gnoll hits you from afar with a spear!
* * * LOW HITPOINT WARNING * * *
The giant cockroach bites you but does no damage.
The gnoll hits you.
* * * LOW HITPOINT WARNING * * *
You sock the gnoll!
You kill the gnoll!
The gnoll hits you with a flail.
You die...

..# #..# .
#..# .. #..#
...
##..####...
...#....
#g...#
#%g..#####.#
.
#@s........#
##.#
#..[.......#
...#
#..........#
..#
#..........#
..#
#.#.....<#.
#.#
#.####.....
#.# #.#
.....
##.####.#
....
####.......#
.


You could see 2 gnolls and a giant cockroach.

Vanquished Creatures
  Jessica (D:3)
  2 adders (D:3)
  2 gnolls
  4 giant geckos
  3 orcs (D:3)
  4 bats (D:2)
  4 giant cockroaches
  4 hobgoblins
  3 jackals (D:1)
  A ball python (D:2)
  3 giant newts
  4 goblins
  7 kobolds
  2 quokkas
  4 rats
48 creatures vanquished.

Notes
Turn   | Place    | Note
--------------------------------------------------------------
     0 | D:1      | Heini, the Minotaur Fighter, began the quest for the Orb.
     0 | D:1      | Reached XP level 1. HP: 19/19 MP: 1/1
    36 | D:1      | Reached skill level 4 in Fighting
    36 | D:1      | Reached XP level 2. HP: 24/27 MP: 1/1
   817 | D:2      | Reached XP level 3. HP: 34/34 MP: 2/2
  1353 | D:3      | Reached XP level 4. HP: 41/41 MP: 2/2
  1382 | D:3      | Noticed Jessica
  1390 | D:3      | Killed Jessica
  1390 | D:3      | Reached skill level 5 in Armour
  1397 | D:3      | Slain by a gnoll

Action                   |  1- 3 |  4- 6 || total
-------------------------+-------+-------++-------
Melee: Flail             |   109 |    10 ||   119
  Use: Scroll            |     2 |       ||     2
  Eat: Chunk             |     2 |       ||     2
